 Dungeon Crawl Stone Soup version 0.26-a0-648-g87339cca5e (webtiles) character file.

Game seed: 12406005337756578390

37 Descartes the Ducker (level 3, 0/21 HPs)
             Began as a Deep Elf Wanderer on Sept 25, 2020.
             Slain by a rat (1 damage)
             ... on level 2 of the Dungeon.
             The game lasted 00:01:39 (1067 turns).

Descartes the Ducker (Deep Elf Wanderer)            Turns: 1067, Time: 00:01:40

Health: 0/21       AC:  2    Str:  6    XL:     3   Next: 21%
Magic:  8/8        EV: 16    Int: 16    God:
Gold:   73         SH:  0    Dex: 18    Spells: 6/6 levels left

rFire    . . .     SeeInvis .   a - +2 quarterstaff
rCold    . . .     Faith    .   (shield currently unavailable)
rNeg     . . .     Spirit   .   d - +0 robe
rPois    .         Reflect  .   (no helmet)
rElec    .         Harm     .   (no cloak)
rCorr    .         Rampage  .   (no gloves)
MR       .....                  (no boots)
Stlth    ++........             (no amulet)
HPRegen  0.07/turn              (no ring)
MPRegen  0.11/turn              (no ring)

@: no status effects
A: no striking features
a: no special abilities


You were on level 2 of the Dungeon.
You visited 1 branch of the dungeon, and saw 2 of its levels.

You collected 73 gold pieces.

Inventory:

Hand Weapons
 a - a +2 quarterstaff (weapon)
Missiles
 f - 57 arrows
 h - 13 poisoned darts (quivered)
 i - 26 stones
Armour
 d - a +0 robe (worn)
Scrolls
 b - a scroll of teleportation {unknown}
 e - a scroll of identify {unknown}
 g - 2 scrolls of amnesia {unknown}
 j - a scroll of enchant weapon {unknown}
 k - a scroll of remove curse {unknown}
Potions
 c - a potion of curing
 l - a potion of haste {unknown}


   Skills:
 - Level 2.0 Fighting
 - Level 1.0 Staves
 - Level 1.0 Throwing
 - Level 6.0 Dodging
 + Level 2.8 Stealth
 + Level 2.3 Spellcasting


You had 6 spell levels left.
You didn't know any spells.
Your spell library was empty.

Dungeon Overview and Level Annotations

Branches:
Dungeon (2/15)

Altars:


Message History

You are too injured to fight recklessly!
You are too injured to fight recklessly!
You are too injured to fight recklessly!
You are too injured to fight recklessly!
You are too injured to fight recklessly!
You are too injured to fight recklessly!
You are too injured to fight recklessly!
You are too injured to fight recklessly!
You are too injured to fight recklessly!
You are too injured to fight recklessly!
You are too injured to fight recklessly!
You are too injured to fight recklessly!
You are too injured to fight recklessly!
You are too injured to fight recklessly!
You barely miss the centaur.
The centaur is almost dead.
The centaur hits you!
* * * LOW HITPOINT WARNING * * *
The rat bites you.
You die...

... ############
....
#..........###.....
#..........<.......
#.........$..##...#
#......@r..(....# #
#.....c....####.#
#.............. #
#..........####
#..........#
...........#
...######### ...


You could see a centaur and a rat.

Vanquished Creatures
  A gnoll (D:1)
  3 oozes (D:1)
  A ball python (D:1)
  2 giant cockroaches (D:1)
  2 goblins (D:1)
  A kobold (D:1)
  2 bats (D:1)
  2 frilled lizards (D:1)
  A rat (D:1)
15 creatures vanquished.

Notes
Turn   | Place    | Note
-------+----------+-------------------------------------------
     0 | D:1      | Descartes the Deep Elf Wanderer began the quest for the
                  | Orb.
     0 | D:1      | Descartes set off with the following items: a +2
                  | quarterstaff, a +0 spear, a potion of curing, a +0 robe
     0 | D:1      | Reached XP level 1. HP: 12/12 MP: 3/3
   312 | D:1      | Reached skill level 1 in Spellcasting
   448 | D:1      | Reached XP level 2. HP: 17/17 MP: 5/5
   849 | D:1      | Reached XP level 3. HP: 21/21 MP: 6/8
  1054 | D:2      | Noticed a centaur
  1067 | D:2      | HP: 1/21 [centaur (9)]
  1067 | D:2      | Slain by a rat

Illustrated notes

Levels and vault maps discovered:
D:1:      lemuel_arrival_cross, layout_loops_corners
D:2:      layout_basic

Skill      XL: |  1  2 |
---------------+-------+-----
Spellcasting   | 1 2 |  2.3
Stealth        | 2 |  2.8
Fighting       | 2 |  2.0
Staves         | |  1.0
Throwing       | |  1.0
Dodging        | |  6.0

Action                   || total
-------------------------++-------
Melee: Quarterstaff      ||    46
 Stab: Sleeping          ||     6
Armor: Robe              ||     4
Dodge: Dodged            ||    46

Table legend: (Time is in decaauts)
 A = Elapsed time spent in this place.
 B = Non-inter-level travel time spent in this place.
 C = Inter-level travel time spent in this place.
 D = Time resting spent in this place.
 E = Time spent auto-exploring this place.
 F = Levels seen in this place.
 G = Mean time per level.
                   A        B        C        D        E       F      G
               +--------+--------+--------+--------+--------+-----+--------+
         Total |   1078 |   1049 |     29 |      0 |    923 |   2 |  539.0 |
       Dungeon |   1078 |   1049 |     29 |      0 |    923 |   2 |  539.0 |
               +--------+--------+--------+--------+--------+-----+--------+

Top non-repeatable levels by time:
     D:1: 1063 daAuts
     D:2: 14 daAuts
